 Dungeon Crawl Stone Soup version 0.28-a0-932-g843f935a50 (webtiles) character file.

Game seed: 749256255051550978

10601 Glokmah the Arsonist (level 11, -17/84 HPs)
             Began as a Human Fire Elementalist on Nov 27, 2021.
             Was an Elder of Vehumet.
             Demolished by Gastronok (32 damage)
             ... on level 1 of the Lair of Beasts.
             The game lasted 00:29:16 (12968 turns).

Glokmah the Arsonist (Human Fire Elementalist)     Turns: 12968, Time: 00:29:16

Health: -17/84     AC: 11    Str: 15    XL:     11   Next: 96%
Magic:  2/7        EV: 11    Int: 29    God:    Vehumet [****..]
Gold:   948        SH:  0    Dex:  8    Spells: 3/23 levels left

rFire   . . .      SeeInvis +   y - +6 dagger "Womaimif" {antimagic, rPois Int+4 Dex-5 SInv}
rCold   . . .      Faith    .   (no shield)
rNeg    . . .      Spirit   .   q - +3 leather armour {Will+}
rPois   +          Reflect  .   g - +1 helmet "Zoghe" {rPois Slay+2}
rElec   .          Harm     .   (no cloak)
rCorr   .          Rampage  .   w - +2 pair of gloves
Will    +....                   (no boots)
Stlth   ..........              t - amulet of the acrobat
HPRegen 0.24/turn               s - ring of Linein {Int+6 SInv Stlth-}
MPRegen 0.10/turn               j - +6 ring of strength

@: slowed, very slow
A: no striking features
a: Renounce Religion


You were on level 1 of the Lair of Beasts.
You worshipped Vehumet.
Vehumet was greatly pleased with you.
You visited 3 branches of the dungeon, and saw 12 of its levels.
You also visited: Ossuary and Bailey.

You collected 948 gold pieces.

Inventory:

Hand Weapons
 b - a +4 rapier of draining
 y - the +6 dagger "Womaimif" (weapon) {antimagic, rPois Int+4 Dex-5 SInv}
   (You found it on level 7 of the Dungeon)

   It reduces the magical energy of the wielder, and disrupts the spells and
   magical abilities of those it strikes.
   Natural abilities and divine invocations are not affected.
   Int:       It affects your intelligence (+4).
   Dex:       It affects your dexterity (-5).
   rPois:     It protects you from poison.
   SInv:      It lets you see invisible.
 I - the +6 trident of the Magi {holy, rC+}
   (You found it on level 7 of the Dungeon)

   It has been blessed by the Shining One to cause great damage to the undead
   and demons.
   rC:        It protects you from cold.
Missiles
 l - 5 javelins
 r - a throwing net
 E - 2 silver javelins
Armour
 g - the +1 helmet "Zoghe" (worn) {rPois Slay+2}
   (You acquired it on level 4 of the Dungeon)

   Slay:      It affects your accuracy & damage with ranged weapons and melee
   (+2).
   rPois:     It protects you from poison.
 q - a +3 leather armour of willpower (worn)
 w - a +2 pair of gloves (worn)
 N - a +0 robe of positive energy
Magical Staves
 a - a staff of conjuration
Jewellery
 j - a +6 ring of strength (right hand)
 s - the ring of Linein (left hand) {Int+6 SInv Stlth-}
   (You acquired it on level 4 of the Dungeon)

   [ring of see invisible]

   Int:       It affects your intelligence (+6).
   SInv:      It lets you see invisible.
   Stlth:     It makes you less stealthy.
 t - an amulet of the acrobat (around neck)
 O - the ring of Vaaqing {rPois Dex+2}
   (You found it in a bailey)

   [ring of poison resistance]

   Dex:       It affects your dexterity (+2).
   rPois:     It protects you from poison.
 P - a ring of flight
 Q - a ring of poison resistance
Wands
 h - a wand of polymorph (9)
 n - a wand of flame (40)
 J - a wand of iceblast (1)
Scrolls
 x - 3 scrolls of teleportation
 A - a scroll of vulnerability
 B - a scroll of blinking
 C - 2 scrolls of amnesia
 D - 2 scrolls of fear
 G - a scroll of immolation {unknown}
 H - a scroll of holy word {unknown}
 K - a scroll of magic mapping
 L - 4 scrolls of identify
 M - 2 scrolls of enchant armour
Potions
 c - a potion of resistance
 d - 3 potions of attraction
 e - a potion of mutation
 f - a potion of invisibility
 i - a potion of flight
 k - 4 potions of curing
 m - 2 potions of lignification
 o - 5 potions of brilliance
 p - 2 potions of berserk rage
 u - 2 potions of haste {unknown}
 v - 3 potions of might
 z - 2 potions of degeneration {unknown}
 F - a potion of ambrosia {unknown}


   Skills:
 + Level 7.0 Fighting
 - Level 4.0 Armour
 - Level 2.0 Dodging
 - Level 2.0 Stealth
 + Level 6.7 Spellcasting
 * Level 10.1 Conjurations
 - Level 2.0 Translocations
 * Level 10.5 Fire Magic
 - Level 2.0 Air Magic


You had 3 spell levels left.
You knew the following spells:

 Your Spells              Type           Power      Damage    Failure   Level
a - Foxfire               Conj/Fire      100%       2x1d9     1%          1
b - Scorch                Fire           100%       2d10      1%          2
c - Shock                 Conj/Air       100%       1d9       1%          1
d - Blink                 Tloc           42%        N/A       4%          2
e - Flame Wave            Conj/Fire      63%        3d11      1%          4
f - Sticky Flame          Conj/Fire      63%        2d8       1%          4
g - Starburst             Conj/Fire      31%        6d10      4%          6

Your spell library contained the following spells:

 Spells                   Type           Power      Damage    Failure   Level
 Fulminant Prism          Conj/Hex       19%        3d11      2%          4
 Freeze                   Ice            36%        1d6       1%          1
 Static Discharge         Conj/Air       44%        N/A       1%          2
 Conjure Flame            Conj/Fire      63%        6-21      1%          3
 Dazzling Flash           Conj/Hex       78%        N/A       1%          3
 Inner Flame              Hex/Fire       40%        N/A       1%          3
 Frozen Ramparts          Ice            18%        1d3       5%          3
 Lesser Beckoning         Tloc           21%        N/A       9%          3
 Swiftness                Air            21%        N/A       9%          3
 Iskenderun's Mystic Bla  Conj/Tloc      44%        2d10      1%          4
 Hailstorm                Conj/Ice       39%        3d9       2%          4
 Airstrike                Air            10%        N/A       8%          4
 Dispel Undead            Necr           9%         3d8       54%         4
 Manifold Assault         Tloc           21%        N/A       61%         5


Dungeon Overview and Level Annotations

Branches:
Dungeon (10/15)            Temple (1/1) D:4            Lair (1/6) D:10
    Orc (0/2) D:10        Ossuary (visited)          Bailey (visited)

Altars:
Ashenzari
Cheibriados
Dithmenos
Elyvilon
Fedhas
Gozag
Hepliaklqana
Kikubaaqudgha
Makhleb
Nemelex Xobeh
Okawaru
Qazlal
Ru
Sif Muna
Trog
Uskayaw
Vehumet
Wu Jian
Xom
Yredelemnul
Zin
The Shining One

Shops:
D:8 [

Annotations:
Lair:1 Gastronok


Message History

Gastronok is heavily wounded.
Gastronok gurgles.
Casting: Foxfire (safe; 1% risk of failure)
Confirm with . or Enter, or press ? or * to list all spells.
Flames lash Gastronok.
Gastronok is severely wounded.
Gastronok's fire resistance burns away.
Casting: Scorch (safe; 1% risk of failure)
Confirm with . or Enter, or press ? or * to list all spells.
Flames lash Gastronok.
Gastronok is burned terribly!
Gastronok is severely wounded.
Gastronok bites you!
You hit Gastronok but do no damage.
Gastronok is severely wounded.
Gastronok bites you!!
You feel clever.
You feel clumsy.
You feel magic leave you.
y - the +6 dagger "Womaimif" (weapon)
{antimagic, rPois Int+4 Dex-5 SInv} You hit Gastronok.
Gastronok's magic leaks into the air.
Gastronok is severely wounded.
Gastronok looks at you while chanting. You resist with significant effort.
You hit Gastronok.
Gastronok's magic leaks into the air.
Gastronok is severely wounded.
Gastronok is no longer more vulnerable to fire.
Gastronok bites you!!
* * * LOW HITPOINT WARNING * * *
You hit Gastronok.
Gastronok's magic leaks into the air.
Gastronok is severely wounded.
Gastronok looks at you and mumbles some strange words.
You resist with significant effort.
You puncture Gastronok!
Gastronok's magic leaks into the air.
Gastronok is severely wounded.
You puncture Gastronok!
Gastronok's magic leaks into the air.
Gastronok is almost dead.
Gastronok bites you!
* * * LOW HITPOINT WARNING * * *
You feel better. Gastronok bites you!!
You die...

#......# #......# .#
#......#
...##......#
....##..<†.## !
#...#......# ..
######....#....##
$.#.#....##....##..#
......w@........+..#
...8..>†.8.....8...#
...................#
..#.#...###........#
. # ###.# #...#....#
###.....#....#
#...##.....#
8....##......# ....#
#......#


You could see Gastronok (swift).

Vanquished Creatures
  Pikel (D:4)
  An unseen horror (D:10)
  A jumping spider (shapeshifter) (D:8)
  A hornet (D:9)
  A shadow (D:10)
  A basilisk (Lair:1)
  4 wyverns
  Eustachio (D:4)
  12 yaks
  A wraith (Ossuary)
  A steam dragon (D:6)
  Edmund (D:4)
  2 wargs (D:10)
  An acid dragon (D:10)
  3 water moccasins
  Duvessa (D:5)
  11 orc warriors
  A black bear (D:7)
  A sky beast (D:8)
  An ice beast (D:7)
  3 ogres
  2 necrophages
  A phantom (D:5)
  A centaur (D:8)
  A kobold brigand (D:7)
  2 lemures (D:4)
  2 bullfrogs (D:7)
  A scorpion (D:4)
  A water moccasin zombie (D:6)
  Dowan (D:5)
  4 killer bees (D:8)
  A howler monkey (D:6)
  14 wights
  11 centaur zombies
  2 hounds (D:5)
  4 orc priests
  2 jellies
  3 iguanas
  14 orc wizards
  A killer bee zombie (D:8)
  3 mummies (Ossuary)
  4 howler monkey zombies
  4 gnolls (D:4)
  5 adders
  A shadow imp (D:6)
  An ufetubus (D:5)
  2 worms
  2 dart slugs
  46 orcs
  8 ball pythons
  3 endoplasms
  5 giant cockroaches
  9 goblins
  5 hobgoblins
  4 jackals (D:4)
  3 quokkas
  6 bats
  2 frilled lizards
  5 goblin zombies (Ossuary)
  4 hobgoblin zombies (Ossuary)
  6 kobolds
  4 rats
250 creatures vanquished.

Vanquished Creatures (others)
  337 foxfires
  A plant (D:10)
338 creatures vanquished.

Grand Total: 588 creatures vanquished

Notes
Turn   | Place    | Note
-------+----------+-------------------------------------------
     0 | D:1      | Glokmah the Human Fire Elementalist began the quest for the
                  | Orb.
     0 | D:1      | Reached XP level 1. HP: 13/13 MP: 3/3
   158 | D:1      | Found a faded altar of an unknown god.
   269 | D:1      | Reached XP level 2. HP: 18/20 MP: 0/5
   435 | D:1      | Learned a level 2 spell: Scorch
   941 | D:2      | Reached XP level 3. HP: 25/25 MP: 0/6
   945 | D:2      | Learned a level 1 spell: Shock
   948 | D:2      | Learned a level 2 spell: Blink
  1353 | D:2      | Reached skill level 1 in Fighting
  1833 | D:3      | Reached XP level 4. HP: 32/32 MP: 2/7
  2736 | D:3      | Reached skill level 1 in Air Magic
  2799 | D:3      | Found a white marble altar of Elyvilon.
  2992 | D:4      | Reached skill level 1 in Translocations
  2992 | D:4      | Reached XP level 5. HP: 37/37 MP: 4/8
  2992 | D:4      | Noticed Eustachio
  2994 | D:4      | Noticed Edmund
  2994 | D:4      | Noticed a necrophage
  3190 | D:4      | Noticed an ogre
  3197 | D:4      | Killed an ogre
  3198 | D:4      | Reached XP level 6. HP: 44/44 MP: 1/9
  3241 | D:3      | Killed a necrophage
  3389 | D:4      | Acquired the ring of Linein {Int+6 SInv Stlth-}
  3399 | D:4      | Acquired the +1 helmet "Zoghe" {rPois Slay+2}
  3411 | D:4      | Acquired a staff of conjuration
  3419 | D:4      | Learned a level 4 spell: Flame Wave
  3630 | D:4      | Found a staircase to the Ecumenical Temple.
  3642 | Temple   | Entered the Ecumenical Temple
  3835 | Temple   | Became a worshipper of Vehumet
  3864 | D:4      | Reached XP level 7. HP: 50/50 MP: 6/11
  4084 | D:4      | Killed Eustachio
  4085 | D:4      | Reached skill level 5 in Fire Magic
  4241 | D:4      | Killed Edmund
  4242 | D:4      | Reached XP level 8. HP: 57/57 MP: 5/13
  4459 | D:4      | Noticed Pikel
  4470 | D:4      | Killed Pikel
  4471 | D:4      | Reached skill level 5 in Conjurations
  4796 | D:5      | Entered Level 5 of the Dungeon
  5092 | D:5      | Reached XP level 9. HP: 65/65 MP: 6/15
  5182 | D:5      | Reached skill level 1 in Armour
  5228 | D:5      | Noticed Duvessa
  5228 | D:5      | Noticed Dowan
  5236 | D:5      | Killed Dowan
  5238 | D:5      | Killed Duvessa
  5547 | D:5      | Learned a level 4 spell: Sticky Flame
  5833 | D:6      | Found a sand-covered staircase.
  5844 | Ossuary  | Entered an ossuary
  6003 | Ossuary  | Reached * piety under Vehumet
  6003 | Ossuary  | Offered knowledge of Sandblast by Vehumet.
  6507 | D:6      | Found a stormy altar of Qazlal.
  6877 | D:6      | Found an ornate altar of the Wu Jian Council.
  7126 | D:6      | Found a shimmering altar of Xom.
  7426 | D:7      | Offered knowledge of Freeze by Vehumet.
  7430 | D:7      | Reached ** piety under Vehumet
  7452 | D:7      | Found a shadowy altar of Dithmenos.
  7748 | D:7      | Found a broken altar of Ashenzari.
  7762 | D:7      | Identified the +6 dagger "Womaimif" {antimagic, rPois Int+4
                  | Dex-5 SInv}
  7827 | D:7      | Reached XP level 10. HP: 73/73 MP: 9/17
  8001 | D:7      | Found a sacrificial altar of Ru.
  8292 | D:7      | Identified the +6 trident of the Magi {holy, rC+}
  8391 | D:7      | Reached skill level 5 in Spellcasting
  8595 | D:7      | Reached skill level 5 in Fighting
  9525 | D:8      | Offered knowledge of Searing Ray by Vehumet.
  9767 | D:8      | Found Jaotedun's Armour Emporium.
 10043 | D:9      | Reached XP level 11. HP: 81/81 MP: 14/19
 10055 | D:9      | Reached *** piety under Vehumet
 10575 | D:9      | Found a shimmering blue altar of Sif Muna.
 10849 | D:10     | Entered Level 10 of the Dungeon
 10886 | D:10     | Found a flagged portal.
 10892 | Bailey   | Entered a bailey
 11035 | Bailey   | Offered knowledge of Ignite Poison by Vehumet.
 11302 | Bailey   | Reached skill level 10 in Fire Magic
 11663 | Bailey   | Identified the ring of Vaaqing {rPois Dex+2}
 11793 | D:10     | Learned a level 6 spell: Starburst
 11795 | D:10     | Found a basalt altar of Yredelemnul.
 11993 | D:10     | Found a staircase to the Lair.
 12236 | D:10     | Found a staircase to the Orcish Mines.
 12322 | D:10     | Found a snail-covered altar of Cheibriados.
 12523 | D:10     | Reached **** piety under Vehumet
 12524 | D:10     | Reached skill level 10 in Conjurations
 12823 | D:10     | Found a sparkling altar of Nemelex Xobeh.
 12902 | Lair:1   | Entered Level 1 of the Lair of Beasts
 12948 | Lair:1   | Noticed Gastronok
 12955 | Lair:1   | Offered knowledge of Fulminant Prism by Vehumet.
 12968 | Lair:1   | Demolished by Gastronok

Illustrated notes

Levels and vault maps discovered:
D:1:      nagdon_arrival_zigzag_paths, layout_basic,
          ebering_ecumenical_altar_rust, minmay_worlds_worst_comb
D:2:      layout_rooms
D:3:      layout_loops_ring, elyvilon_altar_3, corexii_leaking_fountain
D:4:      layout_rooms, minmay_temple_entry_tees, uniq_eustachio, uniq_edmund,
          uniq_pikel
D:5:      layout_loops_ring, uniq_duvessa
D:6:      layout_loops_ring, nicolae_qazlal_style_of_elements, xom_teletrap_fun,
          amcnicky_altar_gilded, lightli_ossuary_entry_decrepit_ruins
D:7:      layout_basic, ashenzari_conservatory_becter, kennysheep_mini,
          nicolae_dithmenos_shadow_blocks
D:8:      layout_loops_corners, serial_shops, nicolae_shop_behind_doors
D:9:      layout_rooms, nicolae_overflow_crystal_walls, minivault_5
D:10:     layout_loops_ring, kennysheep_slug_shrine,
          nicolae_yredelemnul_corpse_copse, mainiacjoe_overflow_alcove_1,
          erik_lair_orcish_takeover, enter_bailey_3
Temple:   jpeg_temple_clearing
Lair:1:   layout_big_grid, grunt_megastairs_5, uniq_gastronok, uniq_urug

Skill      XL: |  1  2  3  4  5  6  7  8  9 10 11 |
---------------+----------------------------------+-----
Fighting       | 1 2 3 4 5 7 |  7.0
Conjurations   | 2 3 4 5 7 8 10 | 10.1
Air Magic      | 1 2 |  2.0
Translocations | 1 2 |  2.0
Fire Magic     | 4 5 6 7 9 10 | 10.5
Spellcasting   | 3 4 5 6 |  6.7
Armour         | 2 4 |  4.0
Dodging        | |  2.0
Stealth        | |  2.0

Action                   |  1- 3 |  4- 6 |  7- 9 | 10-12 || total
-------------------------+-------+-------+-------+-------++-------
Melee: Unarmed           |     3 |       |       |       ||     3
       Dagger            |    47 |     4 |       |     5 ||    56
       Hand axe          |       |     8 |       |       ||     8
       Staff             |       |     2 |     6 |    13 ||    21
       Rapier            |       |       |     5 |       ||     5
 Cast: Foxfire           |    40 |    46 |    46 |    59 ||   191
       Scorch            |    12 |    12 |    65 |    77 ||   166
       Shock             |       |    20 |    45 |    38 ||   103
       Flame Wave        |       |       |     6 |    21 ||    27
       Starburst         |       |       |       |    11 ||    11
  Use: Scroll            |       |    11 |    12 |     5 ||    28
       Potion            |       |       |       |     2 ||     2
 Stab: Sleeping          |     1 |       |       |       ||     1
Armor: Robe              |    11 |     6 |       |       ||    17
       Leather armour    |       |       |    19 |    55 ||    74
Dodge: Dodged            |    35 |    21 |    33 |    95 ||   184

Table legend: (Time is in decaauts)
 A = Elapsed time spent in this place.
 B = Non-inter-level travel time spent in this place.
 C = Inter-level travel time spent in this place.
 D = Time resting spent in this place.
 E = Time spent auto-exploring this place.
 F = Levels seen in this place.
 G = Mean time per level.
                   A        B        C        D        E       F      G
               +--------+--------+--------+--------+--------+-----+--------+
         Total |  13000 |  12490 |    510 |   2114 |   8154 |  14 |  928.6 |
       Dungeon |  11285 |  10801 |    484 |   1332 |   7777 |  10 | 1128.5 |
        Temple |    208 |    182 |     26 |      0 |    153 |   1 |  208.0 |
          Lair |     71 |     71 |      0 |      0 |     39 |   1 |   71.0 |
       Ossuary |    647 |    647 |      0 |    144 |    152 |   1 |  647.0 |
        Bailey |    787 |    787 |      0 |    638 |     33 |   1 |  787.0 |
               +--------+--------+--------+--------+--------+-----+--------+

Top non-repeatable levels by time:
     D:3: 1637 daAuts
     D:7: 1464 daAuts
     D:8: 1330 daAuts
    D:10: 1266 daAuts
     D:4: 1127 daAuts
     D:6: 976 daAuts
     D:5: 954 daAuts
     D:1: 926 daAuts
     D:2: 901 daAuts
  Bailey: 787 daAuts
     D:9: 699 daAuts
 Ossuary: 647 daAuts
  Temple: 208 daAuts
  Lair:1: 71 daAuts
